AoeStats
← DarthOcelot

Arabia

508412513Analyzed
1v1 RM · 10d ago on Sep 22, 2026· 40m 2s· 2 players
Game mode
Random Map
Map size
Tiny (2 player)
Population
200
Speed
Normal
Resources
Standard
Victory
Conquest
Starting age
Dark Age
Ending age
Imperial Age
RankedLock teamsTeams togetherTeam positionsShared explorationLock speedFull tech treeHidden civsTurbo modeCheats
Victory
Defeat
🇫🇷 Goths · France
1631
+14
🇷🇴 Hindustanis · Romania
1577
-14
DarthOcelot
5:43 Loom
8:29 Feudal Age
9:53 Double-Bit Axe
16:50 Fletching
16:46 Horse Collar
23:03 Castle Age
22:37 Padded Archer Armor
23:15 Elite Skirmisher
23:18 Crossbowman
23:55 Bodkin Arrow
24:56 Leather Archer Armor
25:04 Forging
25:00 Man-at-Arms
26:49 Bow Saw
30:17 Heavy Plow
30:46 Long Swordsman
35:41 Wheelbarrow
35:14 Gold Mining
37:18 Scale Mail Armor
40:57 Imperial Age
38:45 Hand Cart
39:49 Chain Mail Armor
40:27 Iron Casting
Maltimus
7:09 Loom
9:13 Feudal Age
9:57 Double-Bit Axe
9:40 Man-at-Arms
19:31 Castle Age
17:28 Fletching
17:27 Horse Collar
20:16 Bodkin Arrow
21:59 Bow Saw
26:31 Scale Mail Armor
27:02 Squires
28:29 Heavy Plow
29:21 Wheelbarrow
31:07 Chain Mail Armor
31:44 Hand Cart
31:59 Stone Mining
32:00 Gold Mining
32:37 Forging
33:54 Iron Casting
37:30 Imperial Age
35:54 Anarchy
37:34 Elite Huskarl
38:36 Conscription
39:26 Blast Furnace
Connection lost

Rejoining the realm…

Still unreachable

The connection could not be restored.

Session expired

The server has moved on; the page needs a fresh start.